 Dungeon Crawl Stone Soup version 0.26-a0-1101-g8f9f7f7418 (webtiles) character file.

Game seed: 14456709595451803057

13 tilp the Insei (level 2, -1/18 HPs)
             Began as an Octopode Transmuter on Dec 15, 2020.
             Slain by a gnoll
             ... wielding a +0 club
              (5 damage)
             ... on level 2 of the Dungeon.
             The game lasted 00:01:06 (685 turns).

tilp the Insei (Octopode Transmuter)                 Turns: 685, Time: 00:01:07

Health: -1/18      AC:  1    Str:  9    XL:     2   Next: 37%
Magic:  3/5        EV: 13    Int: 15    God:
Gold:   30         SH:  0    Dex: 12    Spells: 2/5 levels left

rFire    . . .     SeeInvis .     - Unarmed
rCold    . . .     Faith    .   (no shield)
rNeg     . . .     Spirit   .   (helmet restricted)
rPois    .         Reflect  .   (no amulet)
rElec    .         Harm     .   (no ring)
rCorr    .         Rampage  .   (no ring)
Will     .....                  (no ring)
Stlth    ++........             (no ring)
HPRegen  0.06/turn              (no ring)
MPRegen  0.09/turn              (no ring)
                                (no ring)
                                (no ring)

@: wereblooded
A: almost no armour, stealthy swim, amphibious, 8 rings, constrict 8, camouflage
1, gelatinous body 1
a: no special abilities


You were on level 2 of the Dungeon.
You visited 1 branch of the dungeon, and saw 2 of its levels.

You collected 30 gold pieces.

Inventory:

Missiles
 b - 5 stones
Scrolls
 a - a scroll of identify {unknown}
 c - a scroll of remove curse {unknown}
 d - 3 scrolls of fear


   Skills:
 - Level 1.0 Fighting
 - Level 2.0 Dodging
 - Level 3.0 Unarmed Combat
 - Level 2.0 Spellcasting
 + Level 3.0 Transmutations


You had 2 spell levels left.
You knew the following spells:

 Your Spells              Type           Power        Failure   Level
a - Beastly Appendage     Tmut           ##....       6%          1
b - Wereblood             Tmut           ##......     10%         2

Your spell library contained the following spells:

 Spells                   Type           Power        Failure   Level
 Spider Form              Tmut/Pois      #.........   34%         3
 Ice Form                 Ice/Tmut       #.......     75%         4
 Blade Hands              Tmut           ##........   87%         5


Dungeon Overview and Level Annotations

Branches:
Dungeon (2/15)

Altars:


Innate Abilities, Weirdness & Mutations

You cannot wear most types of armour.
You are very stealthy in the water. (Stealth+)
You are amphibious.
You can wear up to eight rings at the same time.
You can use your tentacles to constrict eight enemies at once.
Your skin changes colour to match your surroundings (Stealth+).
Your rubbery body absorbs attacks. (AC +1, EV +1)


Message History

Your Transmutations skill increases to level 3!
You barely miss the gnoll.
The gnoll shouts!
Your grab misses the gnoll.
You pierce the gnoll.
The gnoll is moderately wounded.
Your tentacle spike disappears.
You barely miss the gnoll. You grab the gnoll. You tentacle-slap the gnoll.
The gnoll is heavily wounded.
You constrict the gnoll, but do no damage.
The gnoll hits you with a +0 club.
You tentacle-slap the gnoll but do no damage.
The gnoll is heavily wounded.
You constrict the gnoll. The gnoll hits you with a +0 club!
* * * LOW HITPOINT WARNING * * *
A bat comes into view.
Unknown command.
You release your grip on the gnoll.
You howl as the wereblood boils in your veins!
The gnoll hits you with a +0 club.
You die...

. ## .. # .# ..
#. #####.#.###
.###..#..........
....bggKg.†......
.###....#@..#...
##.####### #. .
.. .. ...


You could see 3 gnolls, a bat and a kobold.

Vanquished Creatures
  3 ball pythons
  A bat (D:1)
  A goblin (D:1)
  2 hobgoblins (D:1)
  A frilled lizard (D:1)
  A kobold (D:1)
  3 rats
12 creatures vanquished.

Notes
Turn   | Place    | Note
-------+----------+-------------------------------------------
     0 | D:1      | tilp the Octopode Transmuter began the quest for the Orb.
     0 | D:1      | Reached XP level 1. HP: 13/13 MP: 3/3
   273 | D:1      | Reached XP level 2. HP: 17/18 MP: 1/5
   280 | D:1      | Learned a level 2 spell: Wereblood
   685 | D:2      | Slain by a gnoll

Illustrated notes

Levels and vault maps discovered:
D:1:      eino_arrival_water_cross, layout_loops_cross, serial_forest,
          infiniplex_forest_end_3, infiniplex_forest_side_room,
          infiniplex_forest_lined_3, infiniplex_forest_lined_room_2
D:2:      layout_basic, general_overflow_altar, chequers_serial_rivers_small_a,
          uniq_sigmund, uniq_crazy_yiuf_cottage

Skill      XL: |  1  2 |
---------------+-------+-----
Transmutations | 3 |  3.0
Fighting       | |  1.0
Dodging        | |  2.0
Unarmed Combat | |  3.0
Spellcasting   | |  2.0

Action                   || total
-------------------------++-------
Melee: Unarmed           ||    27
       Kick              ||     6
       Constrict         ||     5
       Tentacles         ||     3
       Punch             ||     1
 Cast: Beastly Appendage ||     9
       Wereblood         ||     1
  Use: Scroll            ||     1
 Stab: Sleeping          ||     3
Armor: Skin              ||     3
Dodge: Dodged            ||    12

Table legend: (Time is in decaauts)
 A = Elapsed time spent in this place.
 B = Non-inter-level travel time spent in this place.
 C = Inter-level travel time spent in this place.
 D = Time resting spent in this place.
 E = Time spent auto-exploring this place.
 F = Levels seen in this place.
 G = Mean time per level.
                   A        B        C        D        E       F      G
               +--------+--------+--------+--------+--------+-----+--------+
         Total |    683 |    657 |     26 |      0 |    564 |   2 |  341.5 |
       Dungeon |    683 |    657 |     26 |      0 |    564 |   2 |  341.5 |
               +--------+--------+--------+--------+--------+-----+--------+

Top non-repeatable levels by time:
     D:1: 659 daAuts
     D:2: 23 daAuts
